 Dungeon Crawl Stone Soup version 0.18-a0-316-gf882de5 (webtiles) character file.

63 kosy22 the Shield-Bearer (level 4, 0/29 HPs)
             Began as a Gargoyle Fighter on Nov 27, 2015.
             Slain by Raultor's ghost (5 damage)
             ... on level 3 of the Dungeon.
             The game lasted 00:03:27 (1354 turns).

kosy22 the Shield-Bearer (Gargoyle Fighter)         Turns: 1354, Time: 00:03:27

Health: 0/29       AC: 10    Str: 21    XL:     4   Next: 10%
Magic:  5/5        EV:  7    Int:  8    God:
Gold:   82         SH:  9    Dex:  9    Spells: 0 memorised, 4 levels left

rFire  . . .     SeeInvis .     a - +0 war axe
rCold  . . .     Clarity  .     b - +0 scale mail
rNeg   + . .     SustAt   .     c - +0 shield
rPois  ∞         Gourm    .     (no helmet)
rElec  +         Spirit   .     (no cloak)
rCorr  .         Warding  .     (no gloves)
rMut   .         Stasis   .     (no boots)
MR     .....                    (no amulet)
Stlth  ..........               (no ring)
                                (no ring)

@: not resistant to hostile enchantments, extremely unstealthy
A: negative energy resistance 1, electricity resistance, unbreathing,
petrification resistance, rot immunity, AC +3
a: no special abilities


You were on level 3 of the Dungeon.
You were not hungry.

You visited 1 branch of the dungeon, and saw 3 of its levels.

You collected 82 gold pieces.

Inventory:

Hand Weapons
 a - a +0 war axe (weapon)
Armour
 b - a +0 scale mail (worn)
 c - a +0 shield (worn)
Jewellery
 q - an uncursed amulet of faith {unknown}
Scrolls
 h - a scroll of magic mapping
 j - 3 scrolls of identify
 k - a scroll of blinking
 l - 3 scrolls of remove curse
 m - a scroll of immolation {unknown}
 o - a scroll of fear {unknown}
Potions
 d - 2 potions of might
 f - 2 potions of curing {unknown}
 g - a potion of magic {unknown}
 i - a potion of degeneration {unknown}
 n - a potion of heal wounds {unknown}
Comestibles
 e - a bread ration
 p - a beef jerky


   Skills:
 + Level 3.8 Fighting
 + Level 2.1 Axes
 + Level 3.7 Armour
 + Level 0.5 Dodging
 + Level 4.0 Shields
 * Level 0.6 Spellcasting


You had 4 spell levels left.
You didn't know any spells.

Dungeon Overview and Level Annotations

Branches:
Dungeon (3/15)

Altars:

Annotations:
D:3 Raultor's ghost, amateur OpTm


Innate Abilities, Weirdness & Mutations

You are resistant to torment.
Your stone body is resilient (AC +3).
You are immune to poison.
You resist negative energy.
You are resistant to electric shocks.
You can survive without breathing.
You are immune to petrification.
You are immune to rotting.


Message History

You closely miss Raultor's ghost.
Raultor's ghost is severely damaged.
Raultor's ghost hits you but does no damage.
You barely miss Raultor's ghost.
Raultor's ghost is severely damaged.
Raultor's ghost hits you but does no damage. x2
You miss Raultor's ghost.
Raultor's ghost is severely damaged.
You block Raultor's ghost's attack.
You miss Raultor's ghost.
Raultor's ghost is severely damaged.
Raultor's ghost hits you but does no damage.
You block Raultor's ghost's attack.
You completely miss Raultor's ghost.
Raultor's ghost is severely damaged.
Raultor's ghost hits you but does no damage.
You barely miss Raultor's ghost.
Raultor's ghost is severely damaged.
Raultor's ghost hits you.
You die...

#.#.#
#.#
#.#
#.#
#.#
#.#
#.#
#.#
#@#
#.W..#
######


You could see Raultor's ghost.

Vanquished Creatures
  3 adders
  A giant cockroach (D:1)
  8 goblins
  5 hobgoblins
  3 kobolds (D:1)
  4 bats
  A giant gecko (D:1)
  12 giant newts (D:1)
  5 rats
42 creatures vanquished.

Notes
Turn   | Place    | Note
--------------------------------------------------------------
     0 | D:1      | kosy22 the Gargoyle Fighter began the quest for the Orb.
     0 | D:1      | Reached XP level 1. HP: 14/14 MP: 1/1
    46 | D:1      | Reached XP level 2. HP: 13/19 MP: 2/2
   259 | D:1      | Reached XP level 3. HP: 24/24 MP: 3/3
  1191 | D:2      | Reached XP level 4. HP: 27/29 MP: 5/5
  1211 | D:2      | Reached skill level 4 in Shields
  1324 | D:3      | Noticed Raultor's ghost (amateur OpTm)
  1354 | D:3      | Slain by Raultor's ghost

Vault maps used:
D:1:      ncdulo_lavacross, serial_forest, infiniplex_forest_lined_room_3,
          infiniplex_forest_corner_2, infiniplex_forest_lined_corner,
          infiniplex_forest_clump_cross, infiniplex_forest_lined_3_way,
          infiniplex_forest_lined_2, infiniplex_forest_clump_large, nrook_uturn,
          minmay_lizard_king
D:3:      first_bread

Action                   |  1- 3 |  4- 6 || total
-------------------------+-------+-------++-------
Melee: War axe           |   129 |    33 ||   162
  Use: Scroll            |     4 |       ||     4
  Eat: Beef jerky        |       |     1 ||     1
       Chunk             |       |     1 ||     1
